 Dungeon Crawl Stone Soup version 0.29.1-15-g9cfb28693d (webtiles) character file.

Game seed: 16272288889626453447

11 NBAGuy the Ruffian (level 2, -7/23 HPs)
             Began as a Draconian Transmuter on Mar 23, 2023.
             Mangled by a goblin
             ... wielding a +1 dagger of electrocution
              (18 damage)
             ... on level 2 of the Dungeon.
             The game lasted 00:01:48 (700 turns).

NBAGuy the Ruffian (Draconian Transmuter)            Turns: 700, Time: 00:01:50

Health: -7/23      AC:  4    Str: 12    XL:     2   Next: 17%
Magic:  2/5        EV: 12    Int: 13    God:
Gold:   22         SH:  0    Dex: 11    Spells: 2/5 levels left

rFire   . . .      SeeInvis .   b - +0 quarterstaff
rCold   . . .      Faith    .   (shield currently unavailable)
rNeg    . . .      Spirit   .   (body armour unavailable)
rPois   .          Reflect  .   (helmet currently unavailable)
rElec   .          Harm     .   (no cloak)
rCorr   .          Rampage  .   (no gloves)
Will    .....                   (boots currently unavailable)
Stlth   +.........              (no amulet)
HPRegen 0.07/turn               (no ring)
MPRegen 0.09/turn               (no ring)

@: appendages (expiring), wereblooded
A: horns 2, talons 2, AC +4, unfitting armour, cold-blooded
a: End Transformation


You were on level 2 of the Dungeon.
You had temporarily grown beastly horns and talons.
You visited 1 branch of the dungeon, and saw 2 of its levels.

You collected 22 gold pieces.

Inventory:

Hand Weapons
 b - a +0 quarterstaff (weapon)
Scrolls
 c - a scroll of fog
 d - a scroll of identify


   Skills:
 * Level 1.2 Fighting
 * Level 0.3 Staves
 * Level 1.9 Dodging
 * Level 0.2 Stealth
 + Level 3.2 Unarmed Combat
 * Level 2.1 Spellcasting
 * Level 2.1 Transmutations


You had 2 spell levels left.
You knew the following spells:

 Your Spells              Type           Power      Damage    Failure   Level
a - Beastly Appendage     Tmut           12%        N/A       11%         1
b - Wereblood             Tmut           6%         N/A       16%         2

Your spell library contained the following spells:

 Spells                   Type           Power      Damage    Failure   Level
 Spider Form              Tmut/Pois      4%         N/A       43%         3
 Tukima's Dance           Hex            1%         N/A       58%         3
 Ice Form                 Ice/Tmut       4%         N/A       85%         4
 Passage of Golubria      Tloc           1%         N/A       94%         4
 Yara's Violent Unravell  Hex/Tmut       2%         3d3       99%         5


Dungeon Overview and Level Annotations

Branches:
Dungeon (2/15)

Altars:


Innate Abilities, Weirdness & Mutations

You have temporarily grown beastly horns and talons.
Your plain brown scales are hard. (AC +4)
You cannot fit into any form of body armour.
You are cold-blooded and may be slowed by cold attacks.


Message History

Confirm with . or Enter, or press ? or * to list all spells.
Your blood is infused with primal strength.
The goblin hits you with a +0 club.
A rat comes into view.
Casting: Wereblood (safe; 16% risk of failure)
Confirm with . or Enter, or press ? or * to list all spells.
You grow a pair of large bovine horns.
Your feet morph into talons.
The goblin barely misses you. The goblin closely misses you.
The goblin hits you with a +0 club.
You hit the goblin.
You feel a bit better.
You kill the goblin!
The goblin closely misses you. The goblin hits you but does no damage.
You barely miss the goblin. You claw the goblin.
The goblin is heavily wounded.
Your transformation is almost over.
The kobold hits you but does no damage. The goblin misses you.
The goblin closely misses you.
You barely miss the goblin.
The goblin is heavily wounded.
The goblin hits you but does no damage.
The goblin hits you with a +1 dagger of electrocution.
The goblin hits you but does no damage. The kobold barely misses you.
The goblin hits you but does no damage.
The goblin unwields a +0 sling.
The goblin wields a +0 club.
The goblin completely misses you.
You closely miss the goblin. Your kick misses the goblin.
The goblin is heavily wounded.
The goblin closely misses you.
The rat twitches its whiskers.
The goblin hits you but does no damage. x2; The goblin closely misses you.
The kobold closely misses you. The goblin closely misses you.
The goblin hits you but does no damage. The goblin closely misses you.
The kobold hits you with a +0 whip. The goblin hits you with a +0 club.
The goblin barely misses you.
You hit the goblin but do no damage.
The goblin is heavily wounded.
The goblin hits you with a +0 club. The goblin misses you.
The goblin hits you with a +1 dagger of electrocution.
You are electrocuted!!
Ouch! That really hurt!
You die...

#..!.?..#
#8.....8#
#.......#
#8.....8# ##
#.......# #.
#8....g8# .
#....ggg#.#
.#8..rg@8#.#
......Kg...#.#
........<....#
####.[.#.=(.....
#.........#...
#.........## #.
#...........
#.[........#.
#........###..


You could see a hobgoblin, 5 goblins, a kobold and a rat.

Vanquished Creatures
  A dart slug (D:1)
  A bat (D:1)
  A goblin (D:2)
  4 jackals (D:1)
  A ball python (D:1)
8 creatures vanquished.

Notes
Turn   | Place    | Note
-------+----------+-------------------------------------------
     0 | D:1      | NBAGuy the Draconian Transmuter began the quest for the
                  | Orb.
     0 | D:1      | Reached XP level 1. HP: 16/16 MP: 3/3
   520 | D:1      | Reached XP level 2. HP: 15/23 MP: 5/5
   523 | D:1      | Learned a level 2 spell: Wereblood
   700 | D:2      | Mangled by a goblin

Illustrated notes

Levels and vault maps discovered:
D:1:      dpeg_arrival_circle_labyrinth_a, layout_rooms
D:2:      kennysheep_the_goblin_king, layout_rooms,
          ebering_ecumenical_altar_hall

Action                   || total
-------------------------++-------
Melee: Quarterstaff      ||    27
       Kick              ||     4
       Headbutt          ||     2
       Tailslap          ||     1
 Cast: Beastly Appendage ||     3
       Wereblood         ||     1
  Use: Scroll            ||     1
       Potion            ||     1
Armor: Skin              ||    55
Dodge: Dodged            ||    48
